 Dungeon Crawl Stone Soup version 0.23-a0-398-g8eab93f (webtiles) character file.

29999 rgaf the Fighter (level 13, -3/199 HPs)
             Began as a Naga Fire Elementalist on Nov 4, 2018.
             Was the Champion of Okawaru.
             Slain by a water moccasin (6 damage)
             ... on level 4 of the Lair of Beasts.
             The game lasted 00:36:17 (17055 turns).

rgaf the Fighter (Naga Fire Elementalist)          Turns: 17055, Time: 00:36:18

Health: -3/199     AC: 26    Str: 10    XL:     13   Next: 48%
Magic:  4/31       EV:  1    Int: 21    God:    Okawaru [******]
Gold:   1562       SH:  0    Dex: 21    Spells: 11/24 levels left

rFire    . . .     SeeInvis +   j - +3 spear (venom)
rCold    . . .     Gourm    .   (no shield)
rNeg     + + +     Faith    .   (armour currently unavailable)
rPois    +         Spirit   .   (helmet currently unavailable)
rElec    .         Reflect  .   (cloak currently unavailable)
rCorr    .         Harm     .   (gloves currently unavailable)
MR       ++...     NoTele   +   (no barding)
Stlth    +++.......             P - amulet of regeneration
HPRegen  0.83/turn              f - ring of magical power
MPRegen  0.22/turn              Z - ring of Obsession {rN+ MR+ Dex+7 SInv}

@: lethally poisoned (-3 -> -22), tree-form, very slightly contaminated
A: large, thin skeletal structure 1, see invisible, deterioration 1, slow
metabolism 1, spit poison 1, wild magic 1, AC +4
a: Spit Poison, Heroism, Finesse, Renounce Religion


You were on level 4 of the Lair of Beasts.
You worshipped Okawaru.
Okawaru was exalted by your worship.
You were very hungry.
You were a tree.
You visited 3 branches of the dungeon, and saw 16 of its levels.
You also visited: Bailey.

You collected 1562 gold pieces.

Inventory:

Hand Weapons
 j - a +3 spear of venom (weapon)
 x - a +1 war axe
Armour
 m - the +0 hat "Posmemn" (melded) {rF+ rN+ Str+4}
   (Okawaru gifted it to you on level 11 of the Dungeon)

   It affects your strength (+4).
   It protects you from fire.
   It protects you from negative energy.
 E - a +1 pair of gloves (melded)
 F - a +0 cloak of invisibility (melded)
 Q - a +0 troll leather armour
 U - a +1 robe of fire resistance (melded)
 V - the +0 helmet of the Serpent {+Blink Slay+3}
   (Okawaru gifted it to you on level 1 of the Lair of Beasts)

   It affects your accuracy and damage with ranged weapons and melee attacks
   (+3).
   It lets you blink.
Magical Staves
 a - an uncursed staff of energy
 y - an uncursed staff of earth
 B - an uncursed staff of cold
Jewellery
 e - an uncursed ring of magical power
 f - a ring of magical power (left branch)
 o - a cursed ring of attention {unknown}
 s - an uncursed amulet of faith
 C - an uncursed ring of positive energy {unknown}
 G - a +3 ring of strength {unknown}
 H - an uncursed ring of wizardry {unknown}
 J - a cursed amulet of inaccuracy
 L - an uncursed ring of protection from fire {unknown}
 P - an amulet of regeneration (around neck)
 Z - the ring of Obsession (right branch) {rN+ MR+ Dex+7 SInv}
   (You found it on level 3 of the Lair of Beasts)

   [ring of positive energy]

   It affects your dexterity (+7).
   It protects you from negative energy.
   It affects your resistance to hostile enchantments.
   It lets you see invisible.
Wands
 r - a wand of flame (40)
 u - a wand of iceblast (2)
 I - a wand of random effects (12)
 K - a wand of enslavement (7)
 O - a wand of polymorph (6)
 X - a wand of paralysis (11)
Scrolls
 b - 8 scrolls of amnesia
 h - 3 scrolls of identify
 l - 2 scrolls of enchant armour
 n - 5 scrolls of remove curse
 t - 3 scrolls of magic mapping
 Y - 2 scrolls of enchant weapon
Potions
 k - a potion of might
 q - a potion of berserk rage
 z - a potion of flight
 D - a potion of degeneration
 S - a potion of mutation
 T - a potion of resistance
 W - a potion of lignification
Comestibles
 c - 24 rations


   Skills:
 - Level 13.4 Fighting
 + Level 5.9 Armour
 + Level 6.2 Dodging
 - Level 3.0 Stealth
 - Level 6.4 Spellcasting
 - Level 9.6 Conjurations
 - Level 10.0 Fire Magic


You had 11 spell levels left.
You knew the following spells:

 Your Spells              Type           Power        Failure   Level  Hunger
a - Flame Tongue          Conj/Fire      #####        1%          1    None
b - Conjure Flame         Conj/Fire      ######..     1%          3    #......
c - Sticky Flame          Conj/Fire      ######..     3%          4    ###....
d - Fireball              Conj/Fire      ######....   8%          5    #####..

Your spell library contained the following spells:

 Spells                   Type           Power        Failure   Level  Hunger
 Magic Dart               Conj           ####         1%          1    None
 Searing Ray              Conj           ######       1%          2    None
 Throw Flame              Conj/Fire      ######       1%          2    None
 Iskenderun's Mystic Bla  Conj           ######..     3%          4    ###....
 Inner Flame              Hex/Fire       #####...     6%          3    #......
 Dazzling Spray           Conj/Hex       ####..       7%          3    #......
 Mephitic Cloud           Conj/Pois/Air  ####....     12%         3    #......
 Animate Skeleton         Necr           N/A          14%         1    None
 Apportation              Tloc           #.....       14%         1    None
 Confusing Touch          Hex            #.....       14%         1    None
 Summon Butterflies       Summ           #.......     14%         1    None
 Summon Small Mammal      Summ           #...         14%         1    None
 Force Lance              Conj/Tloc      ####....     19%         4    ###....
 Fulminant Prism          Conj/Hex       ####......   19%         4    ###....
 Blink                    Tloc           N/A          21%         2    None
 Call Imp                 Summ           #.......     21%         2    None
 Slow                     Hex            #.......     21%         2    None
 Lesser Beckoning         Tloc           #.........   36%         3    #......
 Tukima's Dance           Hex            #.......     36%         3    #......
 Alistair's Intoxication  Tmut/Pois      #.......     97%         5    #####..
 Invisibility             Hex            #.......     100%        6    ######.


Dungeon Overview and Level Annotations

Branches:
Dungeon (11/15)            Temple (1/1) D:6            Lair (4/6) D:10
    Orc (0/2) D:11
  Swamp: Lair:2-4    Shoals: Lair:2-4     Snake: Lair:2-4    Spider: Lair:2-4

Altars:
Ashenzari
Cheibriados
Dithmenos
Elyvilon
Fedhas
Gozag
Hepliaklqana
Kikubaaqudgha
Makhleb
Nemelex Xobeh
Okawaru
Qazlal
Ru
Sif Muna
Trog
Uskayaw
Vehumet
Wu Jian
Xom
Yredelemnul
Zin
The Shining One

Portals:
Trove: D:11 (give 19 scrolls of identify)

Annotations:
D:10 Erolcha
Lair:1 Joseph
Lair:3 Fannar, Snorg


Innate Abilities, Weirdness & Mutations

You cannot wear boots.
((Your serpentine skin is tough. (AC +4)))
You have supernaturally acute eyesight. (SInv)
((Armour fits poorly on your strangely shaped body.))
((Your system is resistant to poisons. (rPois)))
((You cover ground very slowly.))
You have a slow metabolism.
You can spit poison.
((You can use your snake-like lower body to constrict enemies.))
You have a somewhat thin skeletal structure. (Dex +2, Stealth)
Your body sometimes deteriorates upon taking damage.
Your spells are a little harder to cast, but a little more powerful.


Message History

The water moccasin bites you but does no damage.
The water moccasin barely misses you.
The water moccasin bites you but does no damage. x2
Unknown command.
Unknown command.
Unknown command.
Unknown command.
You closely miss the water moccasin.
The water moccasin is moderately wounded.
* * * LOW HITPOINT WARNING * * *
You feel very sick.
The water moccasin hisses angrily.
The water moccasin bites you but does no damage.
The adder bites you but does no damage. The water moccasin bites you.
* * * LOW HITPOINT WARNING * * *
You are more poisoned.
The water moccasin poisons you!
The water moccasin bites you but does no damage. x3
The water moccasin bites you.
You die...

♣♣..
♣.......S....S.##
♣♣....#..........
♣...#..#........
♣...............
♣...S......S....
♣...........[....
♣......F........
♣.....SSSF......
♣♣.....S♣S.......
♣......††S....###
♣♣.######....##
##.### #....#
###P###S...#
♣♣..#....#.....##
.......÷........#
...#......##..<##
#...P.###...#


You could see 7 water moccasins, 2 bullfrogs and 2 adders.

Vanquished Creatures
  Rupert (Lair:3)
  Gastronok (D:11)
  A catoblepas (Lair:2)
  Erica (D:11)
  4 two-headed ogres
  3 death yaks (Lair:3)
  Urug (D:11)
  Sonja (Lair:3)
  An unseen horror (D:11)
  2 cyclopes (D:11)
  A manticore (D:11)
  2 ugly things (D:11)
  Maurice (D:11)
  A black mamba (Lair:4)
  Psyche (D:11)
  3 spiny frogs
  2 komodo dragons
  2 trolls
  A polar bear (Lair:2)
  3 blink frogs (Lair:2)
  7 hippogriffs
  Sigmund (D:6)
  A shadow (D:10)
  21 yaks
  2 wraiths
  Grum (D:8)
  A basilisk (Lair:3)
  2 steam dragons
  A hungry ghost (D:10)
  An acid dragon (D:11)
  6 water moccasins
  2 swamp worms (Lair:4)
  8 orc warriors
  5 porcupines
  2 sky beasts
  A black bear (D:6)
  An eye of draining (D:9)
  3 necrophages
  3 ice beasts
  3 centaurs
  9 ogres
  2 wolves (D:8)
  2 crocodiles (Lair:1)
  6 big kobolds
  6 bullfrogs
  6 gnoll sergeants
  4 scorpions
  3 killer bees (D:8)
  4 wights (D:7)
  An electric eel (Lair:1)
  4 crimson imps
  A bullfrog zombie (D:11)
  3 quasits
  2 centaur skeletons
  6 hounds
  3 orc priests
  7 jellies
  2 iguanas
  2 bullfrog skeletons
  Terence (D:2)
  12 orc wizards
  8 worker ants
  A hound zombie (D:8)
  A hound skeleton (D:6)
  2 worker ant zombies
  8 gnolls
  10 adders
  7 shadow imps
  An ooze (D:1)
  2 adder skeletons
  3 worms
  5 leopard geckos
  39 orcs
  A ball python (D:5)
  6 giant cockroaches
  5 goblins
  8 hobgoblins
  4 jackals (D:4)
  16 kobolds
  3 quokkas
  3 bats
  8 frilled lizards
  A quokka skeleton (D:5)
  3 rats
  2 plants (D:10)
338 creatures vanquished.

Vanquished Creatures (others)
  3 fungi
  3 plants
6 creatures vanquished.

Grand Total: 344 creatures vanquished

Notes
Turn   | Place    | Note
-------+----------+-------------------------------------------
     0 | D:1      | rgaf the Naga Fire Elementalist began the quest for the
                  | Orb.
     0 | D:1      | Reached XP level 1. HP: 15/15 MP: 3/3
   204 | D:1      | Reached XP level 2. HP: 22/22 MP: 1/5
   958 | D:1      | Reached XP level 3. HP: 24/28 MP: 6/6
  1772 | D:2      | Reached XP level 4. HP: 36/36 MP: 7/7
  1903 | D:2      | Noticed Terence
  1912 | D:2      | Killed Terence
  2523 | D:3      | Reached XP level 5. HP: 42/42 MP: 9/9
  3046 | D:3      | Learned a level 3 spell: Conjure Flame
  3198 | D:4      | Found a snail-covered altar of Cheibriados.
  3224 | D:4      | Found a stormy altar of Qazlal.
  3492 | D:4      | Found a hazy altar of Hepliaklqana.
  3496 | D:4      | Found a shadowy altar of Dithmenos.
  3721 | D:4      | Noticed an ogre
  3733 | D:4      | Killed an ogre
  3733 | D:4      | Reached XP level 6. HP: 49/49 MP: 10/10
  3856 | D:4      | Found a sacrificial altar of Ru.
  3973 | D:5      | Entered Level 5 of the Dungeon
  3983 | D:5      | Reached skill level 5 in Fire Magic
  4076 | D:4      | Learned a level 4 spell: Sticky Flame
  4350 | D:5      | Reached XP level 7. HP: 41/55 MP: 12/12
  4636 | D:5      | Reached skill level 5 in Conjurations
  4949 | D:5      | Reached XP level 8. HP: 35/62 MP: 14/14
  5698 | D:6      | Found a staircase to the Ecumenical Temple.
  5723 | Temple   | Entered the Ecumenical Temple
  5869 | Temple   | Became a worshipper of Warmaster Okawaru
  6413 | D:6      | Noticed Sigmund
  6430 | D:6      | Killed Sigmund
  6448 | D:6      | Reached XP level 9. HP: 43/68 MP: 16/16
  6721 | D:6      | Reached * piety under Okawaru
  6721 | D:6      | Reached skill level 5 in Spellcasting
  7385 | D:7      | Noticed a two-headed ogre
  7650 | D:7      | Killed a two-headed ogre
  7650 | D:7      | Reached ** piety under Okawaru
  7887 | D:7      | Reached *** piety under Okawaru
  8087 | D:8      | Noticed Grum
  8107 | D:8      | Reached XP level 10. HP: 39/75 MP: 18/18
  8400 | D:8      | Learned a level 5 spell: Fireball
  8801 | D:8      | Killed Grum
  9107 | D:8      | Reached skill level 10 in Fire Magic
  9360 | D:9      | Reached skill level 1 in Fighting
  9385 | D:9      | Reached **** piety under Okawaru
  9532 | D:9      | Reached skill level 2 in Fighting
  9742 | D:9      | Reached skill level 3 in Fighting
  9956 | D:9      | Reached skill level 4 in Fighting
  9958 | D:9      | Received a gift from Okawaru
  9958 | D:9      | Reached skill level 5 in Fighting
 10245 | D:10     | Entered Level 10 of the Dungeon
 10299 | D:10     | Found a flagged portal.
 10310 | Bailey   | Entered a bailey
 10579 | Bailey   | Found a bloodstained altar of Trog.
 10766 | D:10     | Reached skill level 6 in Fighting
 10869 | D:10     | Noticed Erolcha
 11024 | D:10     | Found a staircase to the Lair.
 11050 | D:10     | Reached XP level 11. HP: 99/99 MP: 20/20
 11219 | D:11     | Noticed Psyche
 11230 | D:11     | Paralysed by Psyche for 3 turns
 11232 | D:11     | Killed Psyche
 11232 | D:11     | Reached skill level 7 in Fighting
 11342 | D:11     | Noticed a cyclops
 11411 | D:11     | Noticed a cyclops
 11433 | D:11     | Noticed a two-headed ogre
 11449 | D:11     | Killed a two-headed ogre
 11449 | D:11     | Reached skill level 8 in Fighting
 11514 | D:11     | Noticed Maurice
 11516 | D:11     | Noticed a white ugly thing
 11533 | D:11     | Killed a white ugly thing
 11562 | D:11     | Killed Maurice
 11650 | D:11     | Noticed a manticore
 11660 | D:11     | Killed a manticore
 11660 | D:11     | Reached skill level 9 in Fighting
 11819 | D:11     | Reached ***** piety under Okawaru
 11921 | D:11     | Noticed a two-headed ogre
 11946 | D:11     | Found a portal to a secret trove of treasure.
 12007 | D:11     | Noticed Erica
 12013 | D:11     | Noticed an unseen horror
 12013 | D:11     | Noticed a seven-headed hydra
 12019 | D:11     | Killed Erica
 12019 | D:11     | Reached skill level 10 in Fighting
 12097 | D:11     | Noticed a cyan ugly thing
 12109 | D:11     | Killed a cyan ugly thing
 12115 | D:11     | Killed a two-headed ogre
 12115 | D:11     | Received a gift from Okawaru
 12118 | D:11     | Got a distressingly furry hat {god gift}
 12121 | D:11     | Identified the +0 hat "Posmemn" {rF+ rN+ Str+4} (Okawaru
                  | gifted it to you on level 11 of the Dungeon)
 12172 | D:11     | Noticed Gastronok
 12191 | D:11     | HP: 1/110 [Gastronok (32)]
 12194 | D:11     | Killed Gastronok
 12194 | D:11     | Reached skill level 11 in Fighting
 12194 | D:11     | Reached XP level 12. HP: 3/120 MP: 4/21
 12455 | D:11     | Reached skill level 12 in Fighting
 12720 | D:11     | Got a brightly glowing mace
 12836 | D:11     | Noticed Urug
 13146 | D:11     | Noticed a two-headed ogre
 13153 | D:11     | Killed a two-headed ogre
 13306 | D:11     | Reached skill level 13 in Fighting
 13339 | D:11     | Killed Urug
 13413 | D:11     | Found a staircase to the Orcish Mines.
 13445 | D:11     | Found an ancient bone altar of Kikubaaqudgha.
 13675 | Lair:1   | Entered Level 1 of the Lair of Beasts
 13678 | Lair:1   | Noticed Joseph
 13984 | Lair:1   | Received a gift from Okawaru
 13987 | Lair:1   | Got a faintly humming helmet {god gift}
 13991 | Lair:1   | Identified the +0 helmet of the Serpent {+Blink Slay+3}
                  | (Okawaru gifted it to you on level 1 of the Lair of Beasts)
 13992 | Lair:1   | Identified the cursed +1 mace "Xix Wuesh" {vamp, *Noise
                  | rElec rF+} (You found it on level 11 of the Dungeon)
 14015 | Lair:1   | Reached skill level 1 in Armour
 15099 | Lair:2   | Noticed a catoblepas
 15290 | Lair:2   | Killed a catoblepas
 15491 | Lair:3   | Gained mutation: You can use your snake-like lower body to
                  | constrict enemies. [Naga growth]
 15491 | Lair:3   | Reached XP level 13. HP: 133/133 MP: 22/22
 15632 | Lair:3   | Noticed Rupert
 15635 | Lair:3   | Gained mutation: Your body sometimes deteriorates upon
                  | taking damage. [potion of mutation]
 15635 | Lair:3   | Gained mutation: Your spells are a little harder to cast,
                  | but a little more powerful. [potion of mutation]
 15635 | Lair:3   | Gained mutation: You have a somewhat thin skeletal
                  | structure. (Dex +2, Stealth) [potion of mutation]
 15838 | Lair:3   | Killed Rupert
 15838 | Lair:3   | Reached ****** piety under Okawaru
 15838 | Lair:3   | Reached skill level 5 in Dodging
 16115 | Lair:3   | Noticed Sonja
 16117 | Lair:3   | Killed Sonja
 16117 | Lair:3   | Reached skill level 5 in Armour
 16561 | Lair:3   | Got a bound granite ring
 16562 | Lair:3   | Identified the ring of Obsession {rN+ MR+ Dex+7 SInv} (You
                  | found it on level 3 of the Lair of Beasts)
 16657 | Lair:3   | Noticed Fannar
 16683 | Lair:3   | Noticed Snorg
 17053 | Lair:4   | HP: 8/199 [water moccasin (4)]
 17055 | Lair:4   | HP: 3/199 [water moccasin (2)]
 17055 | Lair:4   | Slain by a water moccasin

Vault maps used:
D:1:      minmay_arrival_four_houses, minmay_pentomino_u4
D:2:      minmay_split_cup_small, uniq_terence
D:3:      first_ration
D:4:      nicolae_overflow_hidden_temple, kennysheep_little_box, minivault_4
D:5:      serial_bayou, serial_bayou_lagoon_a, serial_bayou_shore_a,
          serial_bayou_shore_b, serial_bayou_ford_a, serial_bayou_pond_a
D:6:      uniq_sigmund
D:8:      serial_glass, glass_columns_a, glass_columns_b, glass_columns_a,
          glass_columns_a, glass_columns_a, glass_columns_b, glass_columns_b,
          glass_columns_b, glass_columns_a, glass_columns_a, glass_columns_a,
          glass_columns_c, glass_columns_c, glass_columns_b,
          minmay_strange_pillars, minmay_strange_pillars, item_on_display_a,
          feat_on_display, wad_rectangle_vault, uniq_grum
D:10:     david_lair_shrubbed, enter_bailey_6, the_bakery, uniq_erolcha
D:11:     kennysheep_orc_monster_closet_entryway, nicolae_trove_entry_crystal,
          minmay_ruined_shrine, uniq_maurice, uniq_urug, uniq_gastronok,
          uniq_psyche, uniq_erica
Temple:   minmay_crystal_spiral_temple
Lair:1:   fungi_pond_lemuel, uniq_joseph
Lair:3:   infiniplex_staircase_pool_2, uniq_rupert, uniq_snorg, uniq_sonja,
          uniq_fannar
Lair:4:   nicolae_swamp_entry_splash_gauntlet, minmay_snake_entry_six_corridors,
          minmay_holes, serial_bayou_pond_e
Bailey:   bailey_axe_3, bailey

Skill      XL: |  1  2  3  4  5  6  7  8  9 10 11 12 13 |
---------------+----------------------------------------+-----
Conjurations   | 2 3 4 5 7 8 9 |  9.6
Fire Magic     | 4 5 6 7 9 10 | 10.0
Spellcasting   | 3 4 5 6 |  6.4
Fighting       | 6 11 13 | 13.4
Armour         | 3 5 |  5.9
Dodging        | 4 6 |  6.2
Stealth        | |  3.0

Action                   |  1- 3 |  4- 6 |  7- 9 | 10-12 | 13-15 || total
-------------------------+-------+-------+-------+-------+-------++-------
Melee: Unarmed           |    21 |       |       |       |       ||    21
       Flail             |       |     1 |       |       |       ||     1
       War axe           |       |    16 |    28 |     2 |       ||    46
       Staff             |       |     3 |       |       |       ||     3
       Short sword       |       |       |       |    67 |       ||    67
       Spear             |       |       |       |    47 |    55 ||   102
       Constrict         |       |       |       |       |     6 ||     6
 Cast: Flame Tongue      |    55 |    99 |   225 |   352 |    33 ||   764
       Conjure Flame     |       |     2 |     3 |     2 |       ||     7
       Sticky Flame      |       |     1 |    23 |    99 |    18 ||   141
       Fireball          |       |       |       |    54 |    18 ||    72
 Abil: Spit Poison       |       |       |     1 |       |       ||     1
Evoke: Wand              |       |       |     9 |    20 |     8 ||    37
  Use: Scroll            |       |     1 |    14 |    11 |     3 ||    29
       Potion            |       |       |       |    10 |     8 ||    18
 Stab: Distracted        |       |     1 |       |       |       ||     1
       Paralysed         |       |       |     9 |     2 |       ||    11
  Eat: Chunk             |     2 |     8 |    13 |    31 |     7 ||    61
       Ration            |       |       |       |     6 |     1 ||     7
Armor: Robe              |    17 |    18 |    66 |   104 |    34 ||   239
       Troll leather arm |       |       |       |    62 |       ||    62
       Skin              |       |       |       |     3 |   105 ||   108
Dodge: Dodged            |    32 |    33 |    85 |   244 |    96 ||   490

Table legend:
 A = Non-vault XP
 B = Vault XP
 C = Vault XP percentage of total XP
 D = Non-vault monster count
 E = Vault monster count
 F = Vault count percentage of total count
                 A         B        C        D         E       F
            +---------+---------+-------+---------+---------+-------
      Total |   27767 |   15090 |  35.2 |     263 |      73 |  21.7
            +---------+---------+-------+---------+---------+-------
        D:1 |      32 |      17 |  34.7 |      15 |       3 |  16.7
        D:2 |      61 |      40 |  39.6 |      14 |       4 |  22.2
        D:3 |      49 |       0 |   0.0 |      15 |       0 |   0.0
        D:4 |     180 |       0 |   0.0 |      11 |       0 |   0.0
        D:5 |     940 |       0 |   0.0 |      25 |       0 |   0.0
        D:6 |     947 |     223 |  19.1 |      28 |       1 |   3.4
        D:7 |    2151 |       0 |   0.0 |      33 |       0 |   0.0
        D:8 |    1031 |     949 |  47.9 |      23 |       8 |  25.8
        D:9 |    1769 |       0 |   0.0 |      16 |       0 |   0.0
       D:10 |     650 |    1056 |  61.9 |      11 |       6 |  35.3
       D:11 |    6543 |    8337 |  56.0 |      21 |      29 |  58.0
     Lair:1 |    3197 |       0 |   0.0 |      16 |       0 |   0.0
     Lair:2 |    3661 |       0 |   0.0 |      13 |       0 |   0.0
     Lair:3 |    5971 |    3547 |  37.3 |      20 |       2 |   9.1
     Lair:4 |     585 |     477 |  44.9 |       2 |       4 |  66.7
     Bailey |       0 |     444 | 100.0 |       0 |      16 | 100.0
            +---------+---------+-------+---------+---------+-------
